 Dungeon Crawl Stone Soup version 0.26-a0-84-g8c18429211 (webtiles) character file.

Game seed: 10857018402835535159

144 lungs the Poker (level 5, -2/43 (44) HPs)
             Began as a Ghoul Gladiator on June 18, 2020.
             Slain by Pikel
             ... wielding a +0 whip of freezing
              (8 damage)
             ... on level 3 of the Dungeon.
             The game lasted 00:53:41 (3805 turns).

lungs the Poker (Ghoul Gladiator)                   Turns: 3805, Time: 00:53:42

HP:   -2/43 (44)    AC:  9    Str: 19    XL:     5   Next: 27%
MP:   4/4           EV:  8    Int:  3    God:
Gold: 96            SH:  0    Dex: 10    Spells: 4/4 levels left

rFire    . . .     SeeInvis .   a - +0 trident
rCold    + . .     Gourm    .   (no shield)
rNeg     + + +     Faith    .   h - +0 chain mail
rPois    ∞         Spirit   .   c - +0 helmet
rElec    .         Reflect  .   (no cloak)
rCorr    .         Harm     .   (no gloves)
MR       .....     Rnd*Tele +   (no boots)
Stlth    ..........             b - amulet of the acrobat
HPRegen  0.00/turn              o - ring of teleportation (curse)
MPRegen  0.09/turn              (no ring)

@: rotting
A: rotting body, claws 1, carnivore, cold resistance 1, negative energy
resistance 3, inhibited regeneration, torment resistance, unbreathing
a: no special abilities


You were on level 3 of the Dungeon.
You were not hungry.

You visited 1 branch of the dungeon, and saw 4 of its levels.

You collected 96 gold pieces.

Inventory:

Hand Weapons
 a - a +0 trident (weapon)
 f - a +0 club
Armour
 c - a +0 helmet (worn)
 h - a +0 chain mail (worn)
 j - a +0 buckler
Jewellery
 b - an amulet of the acrobat (around neck)
 o - a cursed ring of teleportation (left claw)
Scrolls
 g - 2 scrolls of random uselessness
 i - 4 scrolls of remove curse
 l - 2 scrolls of blinking
 m - 2 scrolls of identify
 n - a scroll of teleportation
 r - a scroll of immolation {unknown}
Potions
 d - a potion of haste {unknown}
 e - a potion of invisibility
 k - a potion of degeneration {unknown}
Comestibles
 q - 2 rations


   Skills:
 + Level 2.9 Fighting
 * Level 4.1 Polearms
 + Level 1.8 Throwing
 + Level 1.5 Armour
 + Level 3.3 Dodging


You had 4 spell levels left.
You didn't know any spells.
Your spell library was empty.

Dungeon Overview and Level Annotations

Branches:
Dungeon (4/15)
 Temple: D:4-7

Altars:

Annotations:
D:2 1 runed translucent door, Crazy Yiuf
D:3 1 transporter, Pikel; droganthewolf's ghost, amateur GrFi
D:4 Sigmund


Innate Abilities, Weirdness & Mutations

Your body is rotting away.
You thrive on raw meat.
You are immune to poison.
You have sharp fingernails.
You are carnivorous and can eat meat at any time.
Your flesh is cold resistant. (rC+)
You are immune to negative energy. (rN+++)
You do not regenerate when monsters are visible.
You are immune to unholy pain and torment.
You can survive without breathing.


Message History

Droganthewolf's ghost barely misses you.
Pikel hits you but does no damage.
You hit Pikel but do no damage.
Pikel is lightly wounded.
Droganthewolf's ghost barely misses you.
Pikel hits you but does no damage.
You barely miss Pikel.
Pikel is lightly wounded.
Droganthewolf's ghost hits you but does no damage.
Pikel hits you but does no damage.
You hit Pikel.
Pikel is moderately wounded.
Droganthewolf's ghost hits you!
* * * LOW HITPOINT WARNING * * *
Pikel hits you but does no damage.
Your chain mail prevents you from hitting Pikel.
Pikel is moderately wounded.
Droganthewolf's ghost misses you.
Pikel hits you with a +0 whip of freezing!
You die...

..##....#.#.#..# #.#.#
..##......#..#.# #.#.#
........####...# #.#.#
........# ##.[######## #.#.#
........# ##....#...## #.#.#
..>.....# ##.........## #.#.#
.#.....######...........###.#.#
...............###..###..##.#.#
.....>.##.###.##@####.##.##.#.#
.<.....##.#.###WK# #x#.#..#.#.#
......<...#©..K### ..#[#..#[#.#
.......##.##.#### ...#.##...#.#
..........(#.##^#.###x^.##..#.#
........<..##....##.#...##..#.#
............##.#x#..##.##...#.#
........#....#.:.##..###....#.#
.............#.####...©....##.#


You could see Pikel, a big kobold and droganthewolf's ghost.

Vanquished Creatures
  2 slaves (D:3)
  A hound skeleton (D:2)
  3 gnolls (D:3)
  4 adders (D:2)
  A worm (D:2)
  3 dart slugs
  2 leopard geckos
  3 orcs (D:3)
  3 giant cockroaches
  5 goblins
  8 hobgoblins
  7 kobolds
  2 quokkas
  A ball python (D:3)
  4 bats
  8 rats
  2 fungi (D:2)
59 creatures vanquished.

Notes
Turn   | Place    | Note
-------+----------+-------------------------------------------
     0 | D:1      | lungs the Ghoul Gladiator began the quest for the Orb.
     0 | D:1      | Reached XP level 1. HP: 17/17 MP: 0/0
   219 | D:1      | Reached XP level 2. HP: 23/24 MP: 1/1
   798 | D:2      | Reached XP level 3. HP: 14/27 MP: 2/2
  1055 | D:2      | Reached skill level 3 in Polearms
  1092 | D:2      | Reached skill level 1 in Armour
  1343 | D:2      | Reached XP level 4. HP: 30/32 MP: 3/3
  1549 | D:2      | Found a runed translucent door.
  1550 | D:2      | Noticed Crazy Yiuf
  2246 | D:3      | Found a transporter.
  2270 | D:3      | Noticed a small abomination
  2280 | D:3      | Noticed a small abomination
  2316 | D:3      | Found a transporter.
  2316 | D:3      | Noticed a big kobold
  2322 | D:3      | Noticed a small abomination
  2330 | D:3      | Noticed droganthewolf's ghost (amateur GrFi)
  2653 | D:3      | Reached XP level 5. HP: 13/42 MP: 4/4
  2657 | D:3      | Reached skill level 4 in Polearms
  3213 | D:4      | Found the -2 hat of the Alchemist {rElec rPois rF+ rC+ rN+
                  | MR+ rMut rCorr}
  3213 | D:4      | Noticed Sigmund
  3213 | D:4      | Noticed an ogre
  3343 | D:4      | Noticed Pikel
  3343 | D:4      | Noticed a slave
  3343 | D:4      | Noticed a slave
  3343 | D:4      | Noticed a slave
  3343 | D:4      | Noticed a slave
  3401 | D:3      | Killed a slave
  3593 | D:3      | Killed a slave
  3805 | D:3      | Slain by Pikel

Illustrated notes

Levels and vault maps discovered:
D:1:      wander_arrival_lonely_grave, layout_loops_cross, minmay_tetromino_s4
D:2:      layout_loops_ring, uniq_crazy_yiuf_cottage
D:3:      layout_rooms, gammafunk_ghost_abyssal_escape
D:4:      layout_rooms, kennysheep_mini_moat, vehumet_crystals, serial_shops,
          kennysheep_mini, shop_statue, shop, first_ration,
          portal_sewer_entry_e, uniq_pikel, uniq_robin, uniq_sigmund,
          uniq_menkaure

Skill      XL: |  1  2  3  4  5 |
---------------+----------------+-----
Dodging        | 3 |  3.3
Polearms       | 3 4 |  4.1
Armour         | 1 |  1.5
Fighting       | |  2.9
Throwing       | |  1.8

Action                   |  1- 3 |  4- 6 || total
-------------------------+-------+-------++-------
Melee: Trident           |   116 |   192 ||   308
Throw: Throwing net      |       |    10 ||    10
  Use: Scroll            |     4 |     2 ||     6
  Eat: Chunk             |     1 |    12 ||    13
       Ration            |       |     1 ||     1
Armor: Leather armour    |    14 |       ||    14
       Chain mail        |    40 |    73 ||   113
Dodge: Dodged            |    56 |    83 ||   139

Table legend:
 A = Non-vault XP
 B = Vault XP
 C = Vault XP percentage of total XP
 D = Non-vault monster count
 E = Vault monster count
 F = Vault count percentage of total count
                 A         B        C        D         E       F
            +---------+---------+-------+---------+---------+-------
      Total |     206 |       1 |   0.5 |      54 |       1 |   1.8
            +---------+---------+-------+---------+---------+-------
        D:1 |      31 |       1 |   3.1 |      17 |       1 |   5.6
        D:2 |     105 |       0 |   0.0 |      21 |       0 |   0.0
        D:3 |      70 |       0 |   0.0 |      16 |       0 |   0.0
            +---------+---------+-------+---------+---------+-------
